 Seeded DCSS version 0.29.1-1-gd02db6906a (webtiles) character file.

Game seed: 15251138685299849842 (custom seed)

200 bwicke the Shooter (level 6, -9/34 HPs)
             Began as a Kobold Arcane Marksman on Sept 13, 2022.
             Killed from afar by an orc wizard (11 damage)
             ... with a puff of flame
             ... on level 4 of the Dungeon on Sept 15, 2022.
             The game lasted 00:09:45 (4091 turns).

bwicke the Shooter (Kobold Arcane Marksman)         Turns: 4091, Time: 00:09:45

Health: -9/34      AC:  2    Str:  7    XL:     6   Next: 6%
Magic:  6/7        EV: 15    Int: 15    God:
Gold:   168        SH:  0    Dex: 22    Spells: 6/7 levels left

rFire   . . .      SeeInvis .   b - +4 dagger of Noon {vorpal, rPois Dex+5}
rCold   . . .      Faith    .   (no shield)
rNeg    . . .      Spirit   .   c - +0 robe
rPois   +          Reflect  +   (no helmet)
rElec   .          Harm     .   (no cloak)
rCorr   .          Rampage  .   (no gloves)
Will    .....                   (no boots)
Stlth   ++........              d - amulet of reflection
HPRegen 0.11/turn               (no ring)
MPRegen 0.10/turn               (no ring)

@: confused
A: small, no large weapons, nightstalker 3
a: no special abilities


You were on level 4 of the Dungeon.
You visited 1 branch of the dungeon, and saw 4 of its levels.

You collected 168 gold pieces.

Inventory:

Hand Weapons
 a - a +1 sling
 b - the +4 dagger of Noon (weapon) {vorpal, rPois Dex+5}
   (You found it on level 2 of the Dungeon)

   It inflicts extra damage upon your enemies.
   Dex:       It affects your dexterity (+5).
   rPois:     It protects you from poison.
 f - a +2 dagger of protection
 h - a +0 dagger of electrocution
 n - a +1 dagger of speed
Armour
 c - a +0 robe (worn)
 t - a +0 pair of gloves
Jewellery
 d - an amulet of reflection (around neck)
Wands
 o - a wand of acid (6)
Scrolls
 e - 3 scrolls of identify {unknown}
 j - a scroll of summoning {unknown}
 k - 3 scrolls of teleportation
 l - 2 scrolls of poison
 q - a scroll of noise {unknown}
 r - 2 scrolls of blinking {unknown}
Potions
 g - a potion of magic {unknown}
 i - a potion of brilliance
 m - a potion of flight {unknown}
 p - a potion of might {unknown}
 s - a potion of heal wounds {unknown}


   Skills:
 - Level 1.1 Fighting
 - Level 2.6 Short Blades
 - Level 4.8 Ranged Weapons
 - Level 2.4 Dodging
 - Level 1.1 Spellcasting
 + Level 3.6 Hexes
 * Level 2.7 Fire Magic
 - Level 0.9 Poison Magic


You had 6 spell levels left.
You knew the following spells:

 Your Spells              Type           Power      Damage    Failure   Level
a - Slow                  Hex            44%        N/A       5%          1

Your spell library contained the following spells:

 Spells                   Type           Power      Damage    Failure   Level
 Inner Flame              Hex/Fire       10%        N/A       21%         3
 Dazzling Flash           Conj/Hex       12%        N/A       34%         3
 Portal Projectile        Hex/Tloc       12%        N/A       34%         3
 Ignite Poison            Fire/Tmut/Pois 4%         N/A       41%         3
 Cause Fear               Hex            5%         N/A       50%         4
 Mephitic Cloud           Conj/Pois/Air  1%         N/A       54%         3
 Animate Dead             Necr           0%         N/A       94%         4
 Iskenderun's Mystic Bla  Conj/Tloc      0%         2d3       94%         4
 Freezing Cloud           Conj/Ice/Air   0%         6-21      100%        5
 Iskenderun's Battlesphe  Conj           0%         2d6       100%        5
 Summon Forest            Summ/Tloc      0%         N/A       100%        5
 Eringya's Noxious Bog    Tmut/Pois      1%         N/A       100%        6
 Iron Shot                Conj/Erth      0%         9d1       100%        6
 Starburst                Conj/Fire      2%         6d3       100%        6
 Haunt                    Necr/Summ      0%         N/A       100%        7
 Spellforged Servitor     Conj/Summ      0%         N/A       100%        7
 Summon Hydra             Summ           0%         N/A       100%        7
 Infestation              Necr           0%         N/A       100%        8


Dungeon Overview and Level Annotations

Branches:
Dungeon (4/15)
 Temple: D:4-7

Altars:
Kikubaaqudgha

Shops:
D:3 (=

Annotations:
D:4 2 runed translucent doors


Innate Abilities, Weirdness & Mutations

You are small and have problems with some larger weapons.
You are completely attuned to the shadows.


Message History

Something hits you.
You hit something. Something hits you.
You closely miss something.
You hear some strange, mumbled words.
A magic dart appears from out of thin air!
The magic dart hits you!
You hit something. Something hits you.
You miss something. You closely miss something.
Something completely misses you.
You hit something but do no damage. Something hits you.
You closely miss something. Something hits you.
Casting: Slow (safe; 5% risk of failure)
Confirm with . or Enter, or press ? or * to list all spells.
You can't see any susceptible monsters within range! (Use Z to cast anyway.) Unknown command.
Unknown command.
Casting: Slow (safe; 5% risk of failure)
Confirm with . or Enter, or press ? or * to list all spells.
Aiming: Slow (safe; 5% risk of failure)
Press: ? - help, Shift-Dir - straight line Nothing appears to happen.
You block something's attack.
You miss something. Something hits you.
You hit something.
You hear some strange, mumbled words.
You are confused.
You closely miss something. You barely miss something.
You hear some strange, mumbled words.
A magic dart appears from out of thin air!
The magic dart hits you!
* * * LOW HITPOINT WARNING * * *
You bump into the crystal wall.
Something hits you.
* * * LOW HITPOINT WARNING * * *
Something hits you.
* * * LOW HITPOINT WARNING * * *
There is an open door here.
You hear some strange, mumbled words.
A puff of flame appears from out of thin air!
The puff of flame misses you. The puff of flame hits you!
You die...

........# #.......
.####.#.....# #.).....
..<...#.....###.......
....#........##.......
......######..........
.....##.)..##.........
...#.#.####.#.##.....
.....#{.# #..'....
++##.'@#.# #..#.... .
####### #..# . #..#


There were no monsters in sight!

Vanquished Creatures
  A jelly (D:4)
  An iguana (D:4)
  An orc wizard (D:4)
  5 adders
  A worm (D:2)
  2 dart slugs (D:2)
  3 orcs (D:4)
  7 ball pythons
  7 endoplasms
  A giant cockroach (D:1)
  6 goblins
  4 hobgoblins
  4 jackals (D:3)
  3 bats
  5 frilled lizards
  11 kobolds
  5 rats
67 creatures vanquished.

Notes
Turn   | Place    | Note
-------+----------+-------------------------------------------
     0 | D:1      | bwicke the Kobold Arcane Marksman began the quest for the
                  | Orb.
     0 | D:1      | Reached XP level 1. HP: 12/12 MP: 2/2
     0 | D:1      | Upgraded the game from 0.29.1 to 0.29.1-1-gd02db6906a
    65 | D:1      | Reached skill level 3 in Ranged Weapons
   131 | D:1      | Reached XP level 2. HP: 16/16 MP: 3/3
   279 | D:1      | Reached skill level 4 in Ranged Weapons
   545 | D:1      | Found a faded altar of an unknown god.
   561 | D:1      | Reached XP level 3. HP: 20/20 MP: 4/4
  1147 | D:2      | Identified the +4 dagger of Noon {vorpal, rPois Dex+5}
  1154 | D:2      | Reached skill level 1 in Short Blades
  1305 | D:2      | Reached XP level 4. HP: 25/25 MP: 5/5
  2367 | D:3      | Found an ancient bone altar of Kikubaaqudgha.
  2432 | D:3      | Found Ovi Elib's Jewellery Shop.
  2645 | D:3      | Reached skill level 1 in Fire Magic
  2645 | D:3      | Reached XP level 5. HP: 22/29 MP: 6/6
  2650 | D:3      | Found Pityrch's Weapon Emporium.
  3737 | D:4      | HP: 1/29 [orc/+0 flail (2)]
  3741 | D:4      | Reached XP level 6. HP: 2/34 MP: 4/7
  4056 | D:4      | Found a large runed translucent door.
  4056 | D:4      | Found a large runed translucent door.
  4091 | D:4      | Killed from afar by an orc wizard

Illustrated notes

Levels and vault maps discovered:
D:1:      dpeg_arrival_pond, layout_rooms,
          hellmonk_ecumenical_altar_pennies_from_heaven, grunt_decor_junction,
          minmay_misc_feat_roman
D:2:      layout_basic
D:3:      layout_basic, lemuel_tele_altar, nicolae_overflow_crystal_walls,
          serial_shops, shop, nicolae_shop_crystal
D:4:      layout_basic, minmay_misc_feat_five, minmay_hollow_rounded_squares

Skill      XL: |  1  2  3  4  5 |
---------------+----------------+-----
Ranged Weapons | 3 4 |  4.8
Short Blades   | 1 2 |  2.6
Fire Magic     | 1 2 |  2.7
Fighting       | |  1.1
Dodging        | |  2.4
Spellcasting   | |  1.1
Hexes          | |  3.6
Poison Magic   | |  0.9

Action                   |  1- 3 |  4- 6 || total
-------------------------+-------+-------++-------
Melee: Dagger            |     6 |    60 ||    66
       Sling             |       |     1 ||     1
 Fire: Sling             |    89 |    30 ||   119
 Cast: Slow              |     3 |     6 ||     9
Evoke: Wand              |       |     1 ||     1
  Use: Scroll            |     2 |       ||     2
       Potion            |       |     3 ||     3
 Stab: Sleeping          |       |     4 ||     4
Armor: Robe              |     4 |     5 ||     9
Dodge: Dodged            |    35 |    46 ||    81
Block: Other             |     6 |     9 ||    15
       Reflection        |       |     2 ||     2
